 Dungeon Crawl Stone Soup version 0.30.1-3-gfc49f6343a (webtiles) character file.

Game seed: 2637872525243394848

817 javelincjr the Sneak (level 7, -2/41 HPs)
             Began as an Octopode Summoner on Aug 8, 2023.
             Slain by an orc wizard
             ... wielding a +0 dagger
              (5 damage)
             ... on level 5 of the Dungeon.
             The game lasted 00:24:27 (4956 turns).

javelincjr the Sneak (Octopode Summoner)            Turns: 4956, Time: 00:24:29

Health: -2/41      AC:  1    Str:  8    XL:     7   Next: 94%
Magic:  3/13       EV: 14    Int: 19    God:
Gold:   292        SH:  0    Dex: 12    Spells: 2/14 levels left

rFire   . . .        y - staff of conjuration
rCold   . . .        (no shield)
rNeg    . . .        (helmet restricted)
rPois   +            (no amulet)
rElec   .            b - ring of wizardry
rCorr   .            j - ring of poison resistance
SInv    .            x - ring of wizardry
Will    .....        (no ring)
Stlth   ++++         (no ring)
HPRegen 0.26/turn    (no ring)
MPRegen 0.13/turn    (no ring)
                     (no ring)

%: wizardry (x2)
@: no status effects
A: almost no armour, amphibious, 8 rings, camouflage 1, gelatinous body 1,
(nimble swimmer 1), tentacles
a: no special abilities


You were on level 5 of the Dungeon.
You visited 1 branch of the dungeon, and saw 5 of its levels.
You also visited: Ossuary.

You collected 292 gold pieces.

Inventory:

Hand Weapons
 c - a +0 dagger
Missiles
 n - 18 poisoned darts
Magical Staves
 y - a staff of conjuration (weapon)
Jewellery
 b - a ring of wizardry (left tentacle)
 j - a ring of poison resistance (right tentacle)
 q - an amulet of faith
 x - a ring of wizardry (on tentacle)
Scrolls
 d - a scroll of noise {unknown}
 i - 4 scrolls of teleportation
 m - 3 scrolls of amnesia
 p - a scroll of poison {unknown}
 s - a scroll of enchant armour {unknown}
 t - 2 scrolls of immolation
 w - a scroll of blinking {unknown}
Potions
 a - a potion of magic
 e - a potion of heal wounds {unknown}
 f - 2 potions of might {unknown}
 g - 2 potions of flight
 h - a potion of haste {unknown}
 k - 2 potions of brilliance {unknown}
 l - 5 potions of curing
 o - a potion of lignification {unknown}
 r - a potion of degeneration {unknown}
 u - a potion of ambrosia {unknown}
 v - a potion of resistance {unknown}


   Skills:
 + Level 4.6 Dodging
 + Level 6.7 Stealth
 + Level 4.3 Spellcasting
 + Level 5.8 Summonings


You had 2 spell levels left.
You knew the following spells:

 Your Spells              Type           Power      Damage    Failure   Level
a - Summon Small Mammal   Summ           100%       N/A       1%          1
b - Call Imp              Summ           52%        N/A       1%          2
c - Searing Ray           Conj           12%        2d4       5%          2
d - Call Canine Familiar  Summ           26%        N/A       1%          3
e - Summon Lightning Spi  Summ/Air       15%        N/A       11%         4

Your spell library contained the following spells:

 Spells                   Type           Power      Damage    Failure   Level
 Magic Dart               Conj           24%        1d4       3%          1
 Blink                    Tloc           8%         N/A       5%          2
 Ensorcelled Hibernation  Hex/Ice        8%         N/A       5%          2
 Lesser Beckoning         Tloc           8%         N/A       5%          2
 Momentum Strike          Conj/Tloc      12%        3d8       5%          2
 Summon Guardian Golem    Hex/Summ       15%        N/A       3%          3
 Dazzling Flash           Conj/Hex       12%        N/A       11%         3
 Frozen Ramparts          Ice            8%         1d2       11%         3
 Spider Form              Tmut/Pois      4%         N/A       11%         3
 Summon Ice Beast         Ice/Summ       15%        N/A       11%         4
 Anguish                  Hex/Necr       2%         N/A       32%         4
 Fulminant Prism          Conj/Hex       3%         3d5       32%         4
 Ice Form                 Ice/Tmut       4%         N/A       32%         4
 Agony                    Necr           4%         N/A       63%         5
 Silence                  Hex/Air        2%         N/A       63%         5


Dungeon Overview and Level Annotations

Branches:
Dungeon (5/15)            Ossuary (visited)
 Temple: D:4-7

Altars:
Ashenzari
Elyvilon
Trog
Vehumet


Innate Abilities, Weirdness & Mutations

You cannot wear most types of armour.
You are amphibious.
You can wear up to eight rings at the same time.
Your skin changes colour to match your surroundings (Stealth+).
Your rubbery body absorbs attacks. (AC +1, EV +1)
((You are camouflaged when in or above water. (Stealth+)))
You have tentacles for arms and can constrict up to eight enemies at once.


Message History

A magic dart appears from out of thin air!
The magic dart hits you! The orc hits you with a +0 hand axe!
* * * LOW HITPOINT WARNING * * *
The orc hits your lightning spire but does no damage.
Your lightning spire shoots out a bolt of lightning at the orc!
The bolt of electricity hits the orc!
The orc dies!
Something barely misses you. Something hits you.
* * * LOW HITPOINT WARNING * * *
You miss something. Something hits you.
* * * LOW HITPOINT WARNING * * *
Something hits you but does no damage.
You feel better. Something hits you.
* * * LOW HITPOINT WARNING * * *
Something hits you.
* * * LOW HITPOINT WARNING * * *
Casting: Summon Lightning Spire (quite dangerous; 11% risk of failure)
Confirm with . or Enter, or press ? or * to list all spells.
Something hits you.
* * * LOW HITPOINT WARNING * * *
Something hits you.
* * * LOW HITPOINT WARNING * * *
You feel better.
Your hound closely misses something.
Something hits you.
* * * LOW HITPOINT WARNING * * *
You hear some strange, mumbled words.
A magic dart appears from out of thin air!
The magic dart hits you.
* * * LOW HITPOINT WARNING * * *
Your lightning spire disappears in a puff of smoke!
Your hound misses something. Something hits your cerulean imp.
Something barely misses you.
Your hound barely misses something.
Your hound misses something. Something hits you.
* * * LOW HITPOINT WARNING * * *
You barely miss something. Your squeeze misses something.
Your hound bites something but does no damage.
Something hits your cerulean imp.
Your cerulean imp dies!
Your cerulean imp disappears in a puff of smoke!
Something hits you.
You die...

#.# #.# #.# #.#
#.# # #.#
#.####.####
###.#§{§@...#
#....§.{h..<#
###.#.#§#...#.#
..............#
......#.##>#..#
.######.##.#..#
........#
#.#.#..... #.
.#......


You could see a friendly hound (summoned).

Vanquished Creatures
  Menkaure (Ossuary)
  A sleepcap (D:4)
  A mummy (Ossuary)
  2 adders
  3 dart slugs
  An orc (D:4)
  5 endoplasms
  4 giant cockroaches
  A goblin (D:2)
  7 hobgoblins
  3 kobolds (D:2)
  3 quokkas
  A ball python (D:1)
  A bat (D:3)
  7 frilled lizards
  A goblin skeleton (Ossuary)
  A goblin zombie (Ossuary)
  A kobold skeleton (Ossuary)
  An orc skeleton (Ossuary)
  3 orc zombies
  5 rats
  A rat skeleton (Ossuary)
54 creatures vanquished.

Vanquished Creatures (collateral kills)
  2 black bears
  An ogre (D:4)
  2 scorpions
  2 iguanas
  3 mummies
  5 adders
  A worm (D:3)
  A dart slug (D:1)
  4 orcs
  2 bats (D:1)
  8 endoplasms
  A giant cockroach (D:1)
  3 goblins
  5 kobolds
  2 quokkas
  6 ball pythons
  7 frilled lizards (D:1)
  4 gnoll skeletons (Ossuary)
  3 gnoll zombies (Ossuary)
  6 goblin skeletons (Ossuary)
  5 goblin zombies (Ossuary)
  3 hobgoblin skeletons (Ossuary)
  5 hobgoblin zombies
  4 kobold skeletons (Ossuary)
  4 kobold zombies (Ossuary)
  2 orc skeletons (Ossuary)
  3 orc zombies (Ossuary)
  A rat (D:3)
  2 rat skeletons (Ossuary)
  3 rat zombies (Ossuary)
100 creatures vanquished.

Grand Total: 154 creatures vanquished

Notes
Turn   | Place    | Note
-------+----------+-------------------------------------------
     0 | D:1      | javelincjr the Octopode Summoner began the quest for the
                  | Orb.
     0 | D:1      | Reached XP level 1. HP: 11/11 MP: 3/3
   140 | D:1      | Reached skill level 3 in Stealth
   162 | D:1      | Reached XP level 2. HP: 17/17 MP: 3/5
   165 | D:1      | Learned a level 2 spell: Call Imp
   168 | D:1      | Learned a level 2 spell: Searing Ray
   368 | D:1      | Reached XP level 3. HP: 21/21 MP: 3/6
  1435 | D:2      | Reached XP level 4. HP: 25/27 MP: 7/7
  2096 | D:2      | Noticed a scorpion
  2130 | D:2      | Killed a scorpion
  2131 | D:2      | Reached skill level 4 in Stealth
  2131 | D:2      | Reached XP level 5. HP: 31/31 MP: 1/9
  2326 | D:3      | Learned a level 3 spell: Call Canine Familiar
  2664 | D:3      | Found a faded altar of an unknown god.
  2683 | D:3      | Identified the +0 chain mail of the Tick {Regen+ rCorr}
  2810 | D:3      | Found a bloodstained altar of Trog.
  3259 | D:4      | Found a sand-covered staircase.
  3274 | Ossuary  | Entered an ossuary
  3284 | Ossuary  | Reached XP level 6. HP: 36/36 MP: 2/10
  3546 | Ossuary  | Reached skill level 5 in Stealth
  3679 | Ossuary  | Noticed Menkaure
  3699 | Ossuary  | Killed Menkaure
  3700 | Ossuary  | Reached skill level 5 in Summonings
  3919 | D:4      | Found a white marble altar of Elyvilon.
  3925 | D:4      | Noticed a black bear
  3937 | D:4      | Killed a black bear
  3938 | D:4      | Reached XP level 7. HP: 41/41 MP: 10/12
  4074 | D:4      | Reached skill level 6 in Stealth
  4309 | D:4      | Found a broken altar of Ashenzari.
  4343 | D:4      | Learned a level 4 spell: Summon Lightning Spire
  4734 | D:4      | Found a radiant altar of Vehumet.
  4885 | D:5      | Entered Level 5 of the Dungeon
  4956 | D:5      | Slain by an orc wizard

Illustrated notes

Levels and vault maps discovered:
D:1:      mrwooster_arrival_statue_3, layout_basic, minmay_lizard_king
D:2:      layout_loops_corners, serial_bayou_pond_b, minmay_misc_feat_chi,
          minmay_diced_spiral
D:3:      layout_loops_ring, lightli_temple_of_fire,
          shapermc_ecumenical_altar_mp_urbaneastern, minmay_misc_feat_rows,
          serial_bayou_lagoon_b
D:4:      layout_basic, mainiacjoe_overflow_catwalk,
          mainiacjoe_overflow_tiny_flanked, mainiacjoe_overflow_24_doors,
          nicolae_ossuary_entry_giza
D:5:      layout_loops_ring, minmay_temple_entry_glass, serial_shops,
          kennysheep_mini_moat

Skill      XL: |  1  2  3  4  5  6  7 |
---------------+----------------------+-----
Stealth        | 3 4 5 6 |  6.7
Dodging        | 3 4 |  4.6
Spellcasting   | 3 4 |  4.3
Summonings     | 5 |  5.8

Action                     |  1- 3 |  4- 6 |  7- 9 || total
---------------------------+-------+-------+-------++-------
  Melee: Dagger            |    54 |    76 |    23 ||   153
         Tentacles         |    13 |    23 |     5 ||    41
         Constrict         |    11 |    25 |     5 ||    41
         Punch             |       |     1 |     2 ||     3
         Staff             |       |       |     5 ||     5
   Cast: Summon Small Mamm |    13 |     4 |       ||    17
         Call Imp          |    17 |    24 |     6 ||    47
         Searing Ray       |     1 |       |       ||     1
         Call Canine Famil |       |    14 |     6 ||    20
         Summon Lightning  |       |       |     2 ||     2
    Use: Scroll            |       |     5 |       ||     5
         Potion            |       |       |     2 ||     2
   Stab: Sleeping          |     2 |     2 |       ||     4
         Distracted        |     1 |     1 |       ||     2
 Armour: Skin              |     4 |     8 |     1 ||    13
  Dodge: Dodged            |    29 |    49 |    16 ||    94
